 Dungeon Crawl Stone Soup version 0.27.0-1-g7a089689b8 (webtiles) character file.

Game seed: 864092601589865438

12 Descartes the Sneak (level 2, 0/16 HPs)
             Began as a Spriggan Delver on Aug 15, 2021.
             Slain by an orc wizard (3 damage)
             ... on level 5 of the Dungeon.
             The game lasted 00:02:19 (248 turns).

Descartes the Sneak (Spriggan Delver)                Turns: 248, Time: 00:02:20

Health: 0/16       AC:  2    Str:  8    XL:     2   Next: 20%
Magic:  3/3        EV: 17    Int: 11    God:
Gold:   10         SH:  0    Dex: 16    Spells: 1/1 levels left

rFire    . . .     SeeInvis +   a - +0 short sword
rCold    . . .     Faith    .   (shield restricted)
rNeg     . . .     Spirit   .   b - +0 robe
rPois    .         Reflect  .   (helmet restricted)
rElec    .         Harm     .   (no cloak)
rCorr    .         Rampage  .   (gloves unavailable)
Will     .....                  (boots unavailable)
Stlth    ++++......             (no amulet)
HPRegen  0.05/turn              (no ring)
MPRegen  0.08/turn              (no ring)

@: hasted, very quick
A: very small, no large weapons, unfitting armour, see invisible, speed 3
a: no special abilities


You were on level 5 of the Dungeon.
You visited 1 branch of the dungeon, and saw 2 of its levels.

You collected 10 gold pieces.

Inventory:

Hand Weapons
 a - a +0 short sword (weapon)
Armour
 b - a +0 robe (worn)
Wands
 g - a wand of digging (3)
Scrolls
 c - a scroll of fog
 d - a scroll of magic mapping
 e - a scroll of fear
Potions
 h - a potion of heal wounds {unknown}
 i - a potion of resistance {unknown}


   Skills:
 - Level 2.4 Fighting
 + Level 2.5 Short Blades
 + Level 3.0 Dodging
 * Level 7.6 Stealth


You had one spell level left.
You didn't know any spells.
Your spell library was empty.

Dungeon Overview and Level Annotations

Branches:
Dungeon (6/15)
 Temple: D:4-7

Altars:
Ashenzari
Sif Muna
Zin


Innate Abilities, Weirdness & Mutations

You are very small and have problems with some larger weapons.
You are too small for most types of armour.
You have supernaturally acute eyesight. (SInv)
You cover ground extremely quickly. (Speed+++)


Message History

You closely miss the orc wizard.
The orc wizard is lightly wounded.
The orc wizard hits you but does no damage.
You closely miss the orc wizard.
The orc wizard is lightly wounded.
The orc wizard gestures at you while chanting.
The magic dart hits you.
You closely miss the orc wizard.
The orc wizard is lightly wounded.
The orc wizard misses you.
You hit the orc wizard but do no damage.
The orc wizard is lightly wounded.
The orc wizard completely misses you.
You barely miss the orc wizard.
The orc wizard is lightly wounded.
The orc wizard hits you with a +0 dagger.
* * * LOW HITPOINT WARNING * * *
You hit the orc wizard but do no damage.
The orc wizard is lightly wounded.
The orc wizard hits you with a +0 dagger.
* * * LOW HITPOINT WARNING * * *
You feel yourself speed up. The orc wizard closely misses you.
You barely miss the orc wizard.
The orc wizard is lightly wounded.
The orc wizard closely misses you.
You closely miss the orc wizard.
The orc wizard is lightly wounded.
You barely miss the orc wizard.
The orc wizard is lightly wounded.
The orc wizard hits you with a +0 dagger.
* * * LOW HITPOINT WARNING * * *
You hit the orc wizard but do no damage.
The orc wizard is lightly wounded.
The orc wizard completely misses you.
You hit the orc wizard but do no damage.
The orc wizard is lightly wounded.
You closely miss the orc wizard.
The orc wizard is lightly wounded.
The orc wizard hits you with a +0 dagger.
You die...

# ### ### #.
###8###_###
#.##8...8...8###
#.##........o####
#.#_.........@#.####
####.........##......
###8...8...8########
###8###_### ### ###


You could see an orc wizard.

Vanquished Creatures
  A white imp (D:6)
  An ufetubus (D:6)
2 creatures vanquished.

Notes
Turn   | Place    | Note
-------+----------+-------------------------------------------
     0 | D:5      | Descartes the Spriggan Delver began the quest for the Orb.
     0 | D:5      | Reached XP level 1. HP: 11/11 MP: 2/2
     3 | D:5      | Found a broken altar of Ashenzari.
    37 | D:6      | Noticed an orc wizard
    50 | D:6      | Noticed a jelly
    52 | D:6      | Noticed a centaur
    52 | D:6      | Noticed a black bear
   152 | D:6      | Noticed an orc wizard
   181 | D:6      | Reached XP level 2. HP: 16/16 MP: 3/3
   248 | D:5      | Slain by an orc wizard

Illustrated notes

Levels and vault maps discovered:
D:5:      cheibrodos_helix_gallery, layout_rooms,
          nicolae_overflow_hidden_temple, minivault_19
D:6:      layout_cave_pods, minmay_temple_entry_mist, serial_bayou_lagoon_a

Skill      XL: |  1 |
---------------+----+-----
Dodging        | 3 |  3.0
Fighting       | |  2.4
Short Blades   | |  2.5
Stealth        | |  7.6

Action                   || total
-------------------------++-------
Melee: Short sword       ||    15
  Use: Potion            ||     1
 Stab: Distracted        ||     1
       Sleeping          ||     1
Armor: Robe              ||     1
Dodge: Dodged            ||     5
